 Dungeon Crawl Stone Soup version 0.23.0-3-gf3c87f2df8 (webtiles) character file.

Game seed: 16797225861204430396

793 Peloso the Shield-Bearer (level 7, 0/61 HPs)
             Began as a Minotaur Fighter on Feb 25, 2019.
             Slain by an orc (3 damage)
             ... on level 5 of the Dungeon.
             The game lasted 00:07:51 (3791 turns).

Peloso the Shield-Bearer (Minotaur Fighter)         Turns: 3791, Time: 00:07:52

Health: 0/61       AC:  9    Str: 21    XL:     7   Next: 57%
Magic:  6/6        EV:  6    Int:  5    God:
Gold:   286        SH: 13    Dex: 11    Spells: 6/6 levels left

rFire    . . .     SeeInvis .   a - +0 falchion (holy)
rCold    . . .     Gourm    .   c - +0 shield
rNeg     . . .     Faith    .   p - +0 chain mail
rPois    .         Spirit   .   (helmet restricted)
rElec    .         Reflect  +   (no cloak)
rCorr    .         Harm     .   (no gloves)
MR       .....                  (no boots)
Stlth    ..........             m - +3 amulet of reflection
HPRegen  0.20/turn              o - ring of attention (curse)
MPRegen  0.10/turn              (no ring)

@: heavily drained
A: retaliatory headbutt, horns 2
a: no special abilities


You were on level 5 of the Dungeon.
You were hungry.

You visited 1 branch of the dungeon, and saw 5 of its levels.

You collected 286 gold pieces.

Inventory:

Hand Weapons
 a - a +0 falchion of holy wrath (weapon)
Armour
 b - a +0 scale mail
 c - a +0 shield (worn)
 p - a +0 chain mail (worn)
Jewellery
 m - a +3 amulet of reflection (around neck)
 o - a cursed ring of attention (left hand)
 z - an uncursed amulet of harm
Scrolls
 e - 4 scrolls of enchant weapon {unknown}
 i - a scroll of fear {unknown}
 k - a scroll of fog {unknown}
 l - 4 scrolls of identify {unknown}
 n - a scroll of amnesia {unknown}
 q - 2 scrolls of teleportation {unknown}
 w - a scroll of magic mapping {unknown}
 y - 2 scrolls of remove curse {unknown}
Potions
 d - 6 potions of might
 g - a potion of berserk rage {unknown}
 h - 2 potions of mutation {unknown}
 j - 2 potions of heal wounds {unknown}
 r - a potion of brilliance {unknown}
 s - 3 potions of curing {unknown}
 t - 2 potions of lignification {unknown}
 u - 3 potions of flight {unknown}
 v - a potion of agility {unknown}
Comestibles
 f - 9 rations


   Skills:
 + Level 5.1(3.8) Fighting
 + Level 5.2(3.9) Long Blades
 + Level 6.2(4.9) Armour
 + Level 1.8(0.6) Dodging
 + Level 7.1(5.8) Shields


You had 6 spell levels left.
You didn't know any spells.
Your spell library was empty.

Dungeon Overview and Level Annotations

Branches:
Dungeon (5/15)
 Temple: D:4-7

Altars:

Shops:
D:4 *(


Innate Abilities, Weirdness & Mutations

You reflexively headbutt those who attack you in melee.
You have a pair of horns on your head.


Message History

You hit the orc. Your headbutt misses the orc.
The orc is heavily wounded.
You hit the orc priest.
You kill the orc priest!
You block the jackal zombie's attack. The orc hits you but does no damage.
You block the orc's attack. The jackal zombie barely misses you.
You furiously retaliate!
You headbutt the jackal zombie!
You destroy the jackal zombie!
Unknown command.
You slash the orc!
You kill the orc!
The orc completely misses you.
You riposte.
You hit the orc. Your headbutt misses the orc.
The orc is moderately wounded.
You block the orc's attack.
Unknown command.
You closely miss the orc.
The orc is moderately wounded.
The orc hits you.
You die...

.. .......... #.
......... #.#
............# .
#..##............###.
#....................
#.#.....#... #....# #.#
##....))##.# ###...###.#
#......@o)!###.#..##.#.#
.....###.)..##..........
..# #...........#......
...........##.##.....
.>....................
....##................
#... ##...............
... .........#.......
..................


You could see an orc.

Vanquished Creatures
  Eustachio (D:4)
  A phantom (D:4)
  A bullfrog (D:4)
  2 howler monkeys
  A hound (D:4)
  A bullfrog skeleton (D:4)
  2 orc priests
  An iguana (D:4)
  2 orc wizards
  2 worker ants
  Robin (D:4)
  A gnoll (D:1)
  4 adders
  2 oozes
  An adder skeleton (D:4)
  A worm (D:3)
  A dart slug (D:2)
  5 leopard geckos
  11 orcs
  2 ball pythons
  11 bats
  6 giant cockroaches
  13 goblins
  15 hobgoblins
  2 jackals (D:4)
  A quokka (D:3)
  2 frilled lizards
  A jackal skeleton (D:4)
  A jackal zombie (D:5)
  12 kobolds
  6 rats
113 creatures vanquished.

Notes
Turn   | Place    | Note
-------+----------+-------------------------------------------
     0 | D:1      | Peloso the Minotaur Fighter began the quest for the Orb.
     0 | D:1      | Reached XP level 1. HP: 19/19 MP: 0/0
    47 | D:1      | Reached XP level 2. HP: 27/27 MP: 1/1
   145 | D:1      | Reached skill level 4 in Shields
   434 | D:1      | Reached XP level 3. HP: 32/33 MP: 2/2
   936 | D:2      | You fall through a shaft!
  1687 | D:3      | Reached XP level 4. HP: 40/40 MP: 3/3
  2172 | D:2      | Reached skill level 1 in Dodging
  2408 | D:4      | Noticed Eustachio
  2657 | D:4      | Noticed a bullfrog
  2669 | D:4      | Killed a bullfrog
  2669 | D:4      | Reached skill level 5 in Shields
  2669 | D:4      | Reached XP level 5. HP: 33/46 MP: 4/4
  2674 | D:4      | Killed Eustachio
  2674 | D:4      | Reached skill level 5 in Armour
  2674 | D:4      | Reached XP level 6. HP: 37/53 MP: 5/5
  2803 | D:4      | Noticed Robin
  2811 | D:4      | Reached skill level 6 in Shields
  2822 | D:4      | Killed Robin
  2867 | D:4      | Found Sovicech's Mayhem Merchandise.
  3092 | D:4      | Found Visuthraff's Weapon Emporium.
  3250 | D:4      | Reached XP level 7. HP: 48/60 MP: 6/6
  3513 | D:4      | Reached skill level 5 in Fighting
  3513 | D:4      | Reached skill level 5 in Long Blades
  3691 | D:5      | Entered Level 5 of the Dungeon
  3718 | D:5      | Reached skill level 7 in Shields
  3788 | D:5      | HP: 3/61 [jackal zombie (1)]
  3791 | D:5      | Slain by an orc

Skill      XL: |  1  2  3  4  5  6  7 |
---------------+----------------------+-----
Shields        | 4 5 6 7 |  7.1
Fighting       | 4 5 |  5.1
Armour         | 4 5 6 |  6.2
Long Blades    | 3 4 5 |  5.2
Dodging        | 1 |  1.8

Action                   |  1- 3 |  4- 6 |  7- 9 || total
-------------------------+-------+-------+-------++-------
Melee: Long sword        |    56 |       |       ||    56
       Headbutt          |    21 |    36 |    13 ||    70
       Falchion          |    65 |   176 |    74 ||   315
  Eat: Chunk             |     2 |     6 |     1 ||     9
Armor: Scale mail        |    53 |       |       ||    53
       Chain mail        |    11 |    87 |    29 ||   127
Dodge: Dodged            |    35 |    60 |    14 ||   109
Block: Shield            |    85 |   147 |    47 ||   279
       Reflection        |     7 |     3 |       ||    10
       Rpst.: Falchion   |     4 |    16 |     4 ||    24
